 Dungeon Crawl Stone Soup version 0.17.1-1-g73c8601 (webtiles) character file.

2521 ricardofg the Digger (level 9, -5/49 HPs)
             Began as a Gargoyle Earth Elementalist on Apr 26, 2016.
             Killed from afar by ricardofg's ghost (24 damage)
             ... with a stone arrow
             ... on level 7 of the Dungeon.
             The game lasted 00:31:54 (8648 turns).

ricardofg the Digger (Gargoyle Earth Elementalist)  Turns: 8648, Time: 00:31:54

Health: -5/49      AC: 14    Str: 12    XL:     9   Next: 54%
Magic:  3/19       EV: 12    Int: 19    God:
Gold:   335        SH:  0    Dex: 10    Spells: 3 memorised, 16 levels left

rFire  . . .     SeeInvis +     f - +4 whip
rCold  . . .     Clarity  .     r - +1 robe
rNeg   + . .     SustAt   .     (no shield)
rPois  ∞         Gourm    .     (no helmet)
rElec  +         Spirit   .     (no cloak)
rCorr  .         Warding  .     (no gloves)
rMut   .         Stasis   .     t - +1 pair of boots {Stlth+}
MR     .....                    (no amulet)
Stlth  +++.......               (no ring)
                                h - ring of see invisible

@: stone skin, not resistant to hostile enchantments, fairly stealthy
A: negative energy resistance 1, electricity resistance, unbreathing,
petrification resistance, rot immunity, AC +5
a: no special abilities


You were on level 7 of the Dungeon.
You were not hungry.

You visited 1 branch of the dungeon, and saw 7 of its levels.
You also visited: Ossuary.

You collected 335 gold pieces.

Inventory:

Hand Weapons
 e - a +0 dagger
 f - a +4 whip (weapon)
 q - a +0 whip
 u - a +2 flail of crushing
 y - a +0 morningstar
Missiles
 b - 138 stones (quivered)
Armour
 a - a +0 robe
 r - a +1 robe (worn)
 t - a +1 pair of boots of stealth (worn)
Magical Staves
 B - an uncursed staff of fire
Jewellery
 h - a ring of see invisible (left hand)
Wands
 w - a wand of paralysis (11)
 z - a wand of paralysis (15)
 J - a wand of polymorph (13)
 M - a wand of magic darts (31)
Scrolls
 g - a scroll of enchant armour
 l - 2 scrolls of identify
 n - a scroll of amnesia {unknown}
 o - 7 scrolls of remove curse
 H - 2 scrolls of teleportation {unknown}
Potions
 i - 2 potions of ambrosia
 k - 2 potions of haste {unknown}
 m - a potion of might
 p - a potion of degeneration {unknown}
 v - a potion of beneficial mutation {unknown}
 x - a potion of berserk rage {unknown}
 A - a potion of cancellation {unknown}
 C - a potion of cure mutation {unknown}
 E - 4 potions of curing
 F - a potion of heal wounds {unknown}
 G - 2 potions of brilliance
 I - a potion of poison {unknown}
 K - a potion of flight {unknown}
Books
 c - a book of Geomancy

   Spells                             Type                      Level
   a - Sandblast                      Earth                        1
   b - Stoneskin                      Transmutation/Earth          2
   c - Passwall                       Transmutation/Earth          3
   d - Stone Arrow                    Conjuration/Earth            3
   e - Petrify                        Transmutation/Earth          4
   f - Lee's Rapid Deconstruction     Earth                        5
 s - a book of Transfigurations

   Spells                             Type                      Level
   a - Stoneskin                      Transmutation/Earth          2
   b - Irradiate                      Conjuration/Transmutation    5
   c - Statue Form                    Transmutation/Earth          6
   d - Hydra Form                     Transmutation                6
   e - Dragon Form                    Transmutation                7
 D - a book of Beasts

   Spells                             Type                      Level
   a - Summon Butterflies             Summoning                    1
   b - Call Canine Familiar           Summoning                    3
   c - Summon Ice Beast               Ice/Summoning                4
   d - Summon Mana Viper              Hexes/Summoning              5
   e - Summon Hydra                   Summoning                    7
Comestibles
 d - 2 bread rations
 j - 6 meat rations
 L - 6 chunks of flesh


   Skills:
 + Level 2.9 Fighting
 + Level 2.8 Maces & Flails
 + Level 3.2 Armour
 + Level 3.2 Dodging
 - Level 2.1 Stealth
 * Level 7.1 Spellcasting
 + Level 5.1 Conjurations
 - Level 0.7 Transmutations
 + Level 7.3 Earth Magic
 + Level 2.5 Evocations


You had 16 spell levels left.
You knew the following spells:

 Your Spells              Type           Power        Failure   Level  Hunger
a - Sandblast             Erth           ####..       1%          1    None
b - Stone Arrow           Conj/Erth      ####..       1%          3    #......
c - Stoneskin             Trmt/Erth      ###.....     3%          2    None


Dungeon Overview and Level Annotations

Branches:
Dungeon (7/15)             Temple (0/1) D:6

Altars:
Ashenzari
Fedhas
Okawaru
The Shining One

Shops:
D:4 [*   D:6 (

Annotations:
D:7 ricardofg's ghost, novice GrEE


Innate Abilities, Weirdness & Mutations

You are resistant to torment.
Your stone body is resilient (AC +5).
You are immune to poison.
You resist negative energy.
You are resistant to electric shocks.
You can survive without breathing.
You are immune to petrification.
You are immune to rotting.


Message History

Confirm with . or Enter, or press ? or * to list all spells.
Aiming: Stone Arrow
Press: ? - help, Shift-Dir - straight line, f/p - orc wizard
Aim: an orc wizard, wielding an enchanted dagger and wearing a robe The stone arrow hits ricardofg's ghost.
Ricardofg's ghost is lightly damaged.
Ricardofg's ghost hits you but does no damage.
Drink which item? (? for menu, Esc to quit)
You feel better.
Ricardofg's ghost gestures at you while chanting.
The rocky blast hits you!
Ricardofg's ghost points at you and mumbles some strange words.
The stone arrow hits you!
The orc wizard gestures wildly while chanting.
The orc wizard blinks!
Ricardofg's ghost points at you and mumbles some strange words.
The stone arrow misses you.
Ricardofg's ghost points at you and mumbles some strange words.
The stone arrow hits you!
You die...

...#.##.## .# #.#####+#......#
.........# .# #.####...####...
.....#...###.# #.#..'..........
.....>.....#.# #.#.##..........
.......#.....#####.#.##...####...
......................+...+ ...
###.........######.#.##...####...
#....#....#.......W..o.........
#.............@..#.###........#
#..#.##...#.######'###........#
#......##.#.# #................
#.........#.###........###....#
#..###.####...#.........W......
#.. #.####...#......)#####..##
#..............# ...#
+..............####....#
#.................. ...#


You could see an orc wizard and ricardofg's ghost.

Vanquished Creatures
  Eustachio (D:5)
  A sky beast (D:7)
  A water moccasin (D:6)
  A phantom (D:4)
  2 ogres (D:6)
  2 centaurs
  7 elf zombies (Ossuary)
  4 giant frogs
  2 scorpions
  4 centaur zombies
  3 crimson imps
  3 orc priests
  A hound (D:4)
  2 centaur skeletons
  2 human zombies (Ossuary)
  A jelly (D:7)
  2 orc wizards
  3 worker ants
  2 iguanas
  A hound skeleton (D:6)
  3 mummies (Ossuary)
  8 adders
  An ooze (D:4)
  2 worms
  27 orcs
  A ball python (D:4)
  11 giant cockroaches
  8 goblins
  8 hobgoblins
  4 jackals (D:2)
  2 quokkas
  10 bats
  4 giant geckos
  7 giant newts
  8 kobolds
  2 quokka skeletons
  6 rats
157 creatures vanquished.

Vanquished Creatures (others)
  A bush (D:4)
1 creature vanquished.

Grand Total: 158 creatures vanquished

Notes
Turn   | Place    | Note
--------------------------------------------------------------
     0 | D:1      | ricardofg the Gargoyle Earth Elementalist began the quest for the Orb.
     0 | D:1      | Reached XP level 1. HP: 10/10 MP: 3/3
   419 | D:1      | Reached XP level 2. HP: 13/15 MP: 5/5
   755 | D:1      | Reached skill level 4 in Earth Magic
  1082 | D:1      | Reached XP level 3. HP: 8/19 MP: 5/7
  1087 | D:1      | Learned a level 3 spell: Stone Arrow
  1090 | D:1      | Learned a level 2 spell: Stoneskin
  1557 | D:2      | Found a glowing golden altar of the Shining One.
  2313 | D:2      | Reached skill level 1 in Conjurations
  2314 | D:2      | Reached XP level 4. HP: 24/24 MP: 1/8
  3293 | D:4      | Noticed a centaur
  3348 | D:4      | Reached XP level 5. HP: 24/28 MP: 5/10
  3416 | D:4      | Found a blossoming altar of Fedhas.
  3459 | D:4      | Killed a centaur
  3459 | D:4      | Reached skill level 5 in Earth Magic
  3459 | D:4      | Reached XP level 6. HP: 22/32 MP: 8/12
  3696 | D:4      | Found Temun's General Store.
  3747 | D:4      | Found Agi Dae's Armour Emporium.
  3862 | D:4      | Found a shattered altar of Ashenzari.
  4518 | D:5      | Entered Level 5 of the Dungeon
  4773 | D:5      | Reached skill level 5 in Spellcasting
  4773 | D:5      | Reached XP level 7. HP: 31/36 MP: 6/14
  5485 | D:5      | Reached skill level 6 in Earth Magic
  5489 | D:5      | Noticed Eustachio
  5621 | D:5      | Killed Eustachio
  5766 | D:4      | Reached XP level 8. HP: 24/42 MP: 1/16
  6197 | D:6      | Found Bepicrum's Antique Weapon Shoppe.
  6232 | D:6      | Reached skill level 1 in Fighting
  6232 | D:6      | Reached skill level 1 in Maces & Flails
  6290 | D:6      | Reached skill level 1 in Armour
  6313 | D:6      | Found a sand-covered staircase.
  6346 | Ossuary  | Entered an ossuary
  6409 | Ossuary  | Reached skill level 1 in Evocations
  7042 | Ossuary  | Reached skill level 7 in Earth Magic
  7208 | Ossuary  | Reached XP level 9. HP: 39/48 MP: 19/19
  7605 | D:6      | Found a staircase to the Ecumenical Temple.
  8129 | D:6      | Reached skill level 5 in Conjurations
  8297 | D:7      | Noticed ricardofg's ghost (novice GrEE)
  8414 | D:7      | Found an iron altar of Okawaru.
  8648 | D:7      | Killed from afar by ricardofg's ghost

Action                   |  1- 3 |  4- 6 |  7- 9 || total
-------------------------+-------+-------+-------++-------
Melee: Dagger            |   151 |       |       ||   151
       Unarmed           |     4 |       |       ||     4
       Whip              |    52 |    90 |   295 ||   437
       Morningstar       |       |    24 |       ||    24
       Flail             |       |     5 |       ||     5
 Cast: Sandblast         |    24 |    57 |    55 ||   136
       Stoneskin         |     2 |    13 |    23 ||    38
       Stone Arrow       |       |     1 |    47 ||    48
  Use: Scroll            |       |       |     8 ||     8
       Potion            |       |       |     2 ||     2
 Stab: Sleeping          |     4 |     3 |     1 ||     8
  Eat: Chunk             |     5 |     5 |     2 ||    12
       Beef jerky        |       |     1 |       ||     1
       Pizza             |       |     1 |     1 ||     2
       Bread ration      |       |       |     2 ||     2
       Fruit             |       |       |     3 ||     3
